cohdb
Replays
Latest Replays
All Replays
Popular Replays
Top Player Replays
Match Explorer
How It Works
Community
CoH3 Stats
Reddit
Sign in to upload your games and track your stats! →
Sign in with Steam
Match 43807153
Unlisted
Match 43807153
Overview
Messages
Build Orders
End
Construct Infanterie Kompanie
Pioneer Squad
Selects Terror Battlegroup
Selects Machine Gun Camouflage
MG 42 Machine Gun Team
Grenadier Squad
Grenadier Squad
Medical Station
Construct Luftwaffe Kompanie
221 Scout Car
Jäger Squad
Selects Defend the Fatherland
Jäger Squad
Support Elements
Luftwaffe Officer Quarters
Construct Panzer Kompanie
bigcheese
-AL- Nimahfrosch
UseLessHam
김치워리어
0
0
Comments
sign in to comment!
No comments posted yet!